 Dungeon Crawl Stone Soup version 0.30-a0-12-gd8047c6341 (webtiles) character file.

Game seed: 15330809392073378113

423 SensoryNuts the Covered (level 6, -1/53 HPs)
             Began as a Hill Orc Fighter on Aug 23, 2022.
             Slain by a lemure (4 damage)
             ... led by Pikel
             ... on level 5 of the Dungeon.
             The game lasted 00:04:22 (4424 turns).

SensoryNuts the Covered (Hill Orc Fighter)          Turns: 4424, Time: 00:04:23

Health: -1/53      AC: 10    Str: 19    XL:     6   Next: 95%
Magic:  6/6        EV:  9    Int:  8    God:
Gold:   237        SH:  5    Dex: 15    Spells: 5/5 levels left

rFire   + . .      SeeInvis .    s - +10 flail of Fate {flame, rPois rF+ rN+ Dex+3}
rCold   . . .      Faith    .    c - +0 buckler
rNeg    + . .      Spirit   .    b - +0 scale mail
rPois   +          Reflect  .    (no helmet)
rElec   .          Harm     .    (no cloak)
rCorr   .          Rampage  .    n - +2 pair of gloves
Will    .....                    (no boots)
Stlth   ..........               (no amulet)
HPRegen 0.17/turn                j - +4 ring of slaying
MPRegen 0.10/turn                (no ring)

@: mighty
A: no striking features
a: no special abilities


You were on level 5 of the Dungeon.
You visited 1 branch of the dungeon, and saw 5 of its levels.

You collected 237 gold pieces.

Inventory:

Hand Weapons
 a - a +0 war axe
 s - the +10 flail of Fate (weapon) {flame, rPois rF+ rN+ Dex+3}
   (You found it on level 4 of the Dungeon)

   It burns those it strikes, dealing additional fire damage.
   Dex:       It affects your dexterity (+3).
   rF:        It protects you from fire.
   rPois:     It protects you from poison.
   rN:        It protects you from negative energy.
Missiles
 e - a throwing net (quivered)
Armour
 b - a +0 scale mail (worn)
 c - a +0 buckler (worn)
 n - a +2 pair of gloves (worn)
Jewellery
 j - a +4 ring of slaying (left hand)
 p - a ring of willpower
Wands
 g - a wand of flame (11)
Scrolls
 l - a scroll of amnesia
 m - a scroll of vulnerability
 q - a scroll of torment
 r - 2 scrolls of identify
Potions
 d - a potion of might
 f - a potion of experience {unknown}
 h - a potion of degeneration {unknown}
 i - 3 potions of flight {unknown}
 k - 2 potions of heal wounds {unknown}
 o - a potion of magic {unknown}
 t - a potion of lignification {unknown}


   Skills:
 + Level 4.7 Fighting
 - Level 4.9(5.2) Axes
 * Level 2.2(3.4) Maces & Flails
 + Level 5.6 Armour
 + Level 1.0 Dodging
 + Level 0.9 Stealth
 + Level 3.9 Shields


You had 5 spell levels left.
You didn't know any spells.
Your spell library contained the following spells:

 Spells                   Type           Power      Damage    Failure   Level
 Necrotise                Necr           0%         1d4       85%         1
 Call Canine Familiar     Summ           0%         N/A       99%         3
 Confusing Touch          Hex            0%         N/A       99%         3
 Portal Projectile        Hex/Tloc       0%         N/A       99%         3
 Vampiric Draining        Necr           0%         2d6       99%         3
 Leda's Liquefaction      Hex/Erth       0%         N/A       100%        4
 Agony                    Necr           0%         N/A       100%        5
 Yara's Violent Unravell  Hex/Tmut       0%         3d3       100%        5
 Enfeeble                 Hex            0%         N/A       100%        7


Dungeon Overview and Level Annotations

Branches:
Dungeon (5/15)
 Temple: D:4-7

Altars:
Elyvilon

Annotations:
D:2 Natasha
D:3 2 runed translucent doors, HypermagicGuardian's ghost, amateur TrMo
D:5 Pikel


Message History

The howler monkey is severely wounded.
The howler monkey hits you but does no damage.
Something hits you but does no damage. The lemure closely misses you.
You block the howler monkey's attack.
You sock the howler monkey! You burn the howler monkey.
You kill the howler monkey!
Something hits you. Something freezes you. The lemure hits you.
Something hits you. Something freezes you.
The ice beast hits you but does no damage.
The lemure hits you but does no damage.
Your base Maces & Flails skill increases to level 1!
You feel very mighty all of a sudden. Something hits you.
Something freezes you. The lemure hits you! You block the ice beast's attack.
The lemure hits you but does no damage. The necrophage barely misses you.
Unknown command.
You bludgeon the ice beast!!
You melt the ice beast!
You kill the ice beast!
Something hits you.
* * * LOW HITPOINT WARNING * * *
Something freezes you.
* * * LOW HITPOINT WARNING * * *
The necrophage barely misses you.
The lemure hits you but does no damage. x2
Your base Maces & Flails skill increases to level 2!
Your Dodging skill increases to level 1!
You closely miss something. Something hits you but does no damage.
The necrophage completely misses you. The lemure hits you!
* * * LOW HITPOINT WARNING * * *
Unknown command.
Okay, then.
As you read the scroll of identify, it crumbles to dust.
q - a scroll of torment Something hits you.
* * * LOW HITPOINT WARNING * * *
Something freezes you.
* * * LOW HITPOINT WARNING * * *
The lemure hits you but does no damage. The necrophage hits you.
* * * LOW HITPOINT WARNING * * *
The lemure hits you.
You die...

### .# ##....
.# ###.......
.##.........
##...........
##............
##...†.........
#...†..........
#...5@5........
###.5{n<.......
#...........#
#....###....#
#...## ###.
#....# .....##
..... .....


You could see 3 lemures and a necrophage.

Vanquished Creatures
  An ice beast (D:5)
  A lemure (D:5)
  A scorpion (D:4)
  A necrophage (D:4)
  A howler monkey (D:5)
  A hound (D:4)
  Natasha (D:2)
  6 adders
  3 worms
  2 dart slugs (D:1)
  5 orcs
  4 ball pythons
  An endoplasm (D:4)
  2 giant cockroaches
  4 goblins
  5 hobgoblins (D:1)
  3 quokkas
  5 bats
  4 frilled lizards
  6 kobolds
  3 rats
60 creatures vanquished.

Vanquished Creatures (others)
  A plant (D:1)
1 creature vanquished.

Grand Total: 61 creatures vanquished

Notes
Turn   | Place    | Note
-------+----------+-------------------------------------------
     0 | D:1      | SensoryNuts the Hill Orc Fighter began the quest for the
                  | Orb.
     0 | D:1      | Reached XP level 1. HP: 19/19 MP: 1/1
   149 | D:1      | Reached XP level 2. HP: 27/27 MP: 2/2
   350 | D:1      | Found a faded altar of an unknown god.
   550 | D:1      | Reached XP level 3. HP: 33/33 MP: 3/3
   999 | D:2      | You fall into a shaft and drop 2 floors!
  1038 | D:4      | Reached skill level 4 in Armour
  1134 | D:3      | Found a large runed translucent door.
  1135 | D:3      | Found a large runed translucent door.
  1437 | D:2      | Noticed Natasha
  1443 | D:2      | Killed Natasha
  1444 | D:2      | Reached XP level 4. HP: 37/40 MP: 4/4
  1550 | D:2      | Noticed Natasha
  3732 | D:3      | Noticed HypermagicGuardian's ghost (amateur TrMo)
  3868 | D:4      | Noticed a scorpion
  3875 | D:4      | Killed a scorpion
  3876 | D:4      | Reached XP level 5. HP: 47/47 MP: 5/5
  3904 | D:4      | Reached skill level 5 in Armour
  3904 | D:4      | Reached XP level 6. HP: 51/53 MP: 6/6
  3955 | D:4      | Found a white marble altar of Elyvilon.
  4151 | D:4      | Identified the +10 flail of Fate {flame, rPois rF+ rN+
                  | Dex+3}
  4409 | D:5      | Entered Level 5 of the Dungeon
  4411 | D:5      | Noticed Pikel
  4414 | D:5      | Noticed an ice beast
  4421 | D:5      | Reached skill level 1 in Maces & Flails
  4422 | D:5      | Killed an ice beast
  4423 | D:5      | Reached skill level 1 in Dodging
  4424 | D:5      | Slain by a lemure

Illustrated notes

Levels and vault maps discovered:
D:1:      lightli_arrival_windingriver, layout_loops_ring,
          shapermc_ecumenical_altar_starsandcircs, st_stairs_6
D:2:      wander_river, layout_basic, serial_park_tiny_pond, uniq_natasha
D:3:      layout_basic, ebering_ghost_disaster_area
D:4:      layout_basic, nicolae_elyvilon_peaceful_grove, minivault_11
D:5:      layout_cave_pods, minmay_temple_entry_fiery, nrook_uturn, uniq_pikel,
          uniq_sigmund

Skill      XL: |  1  2  3  4  5  6 |
---------------+-------------------+-----
Fighting       | 4 |  4.7
Axes           | 3 4 |  4.9
Armour         | 4 5 |  5.6
Maces & Flails | 2 |  2.2
Dodging        | 1 |  1.0
Stealth        | |  0.9
Shields        | |  3.9

Action                   |  1- 3 |  4- 6 || total
-------------------------+-------+-------++-------
Melee: War axe           |    83 |    54 ||   137
       Flail             |       |    14 ||    14
  Use: Scroll            |       |     5 ||     5
       Potion            |       |     2 ||     2
Armor: Scale mail        |    46 |    37 ||    83
Dodge: Dodged            |    35 |    32 ||    67
Block: Buckler           |    27 |    15 ||    42

Table legend: (Time is in decaauts)
 A = Elapsed time spent in this place.
 B = Non-inter-level travel time spent in this place.
 C = Inter-level travel time spent in this place.
 D = Time resting spent in this place.
 E = Time spent auto-exploring this place.
 F = Levels seen in this place.
 G = Mean time per level.
                   A        B        C        D        E       F      G
               +--------+--------+--------+--------+--------+-----+--------+
         Total |   4497 |   4394 |    103 |    949 |   2810 |   5 |  899.4 |
       Dungeon |   4497 |   4394 |    103 |    949 |   2810 |   5 |  899.4 |
               +--------+--------+--------+--------+--------+-----+--------+

Top non-repeatable levels by time:
     D:2: 2003 daAuts
     D:1: 892 daAuts
     D:3: 874 daAuts
     D:4: 710 daAuts
     D:5: 17 daAuts
